 Dungeon Crawl Stone Soup version 0.19-a0-1626-g5215c36 (webtiles) character file.

12962 4thArraOfDagon the Carver (level 11, -3/77 HPs)
             Began as a Vampire Gladiator on Sept 18, 2016.
             Was a High Priest of Okawaru.
             Hit by a large rock thrown by a stone giant (25 damage)
             ... on level 11 of the Dungeon.
             The game lasted 00:17:09 (3630 turns).

4thArraOfDagon the Carver (Vampire Gladiator)       Turns: 3630, Time: 00:17:10

Health: -3/77      AC: 12    Str: 15    XL:     11   Next: 69%
Magic:  12/16      EV: 23    Int: 11    God:    Okawaru [*****.]
Gold:   80         SH:  0    Dex: 17    Spells: 0 memorised, 10 levels left

rFire  . . .     SeeInvis +     C - +4 demon blade (elec)
rCold  + . .     Gourm    .     i - +0 ring mail
rNeg   . . .     Faith    .     (no shield)
rPois  .         Spirit   .     c - +1 helmet
rElec  .         Dismiss  .     (no cloak)
rCorr  .         Reflect  .     (no gloves)
MR     +....     Harm     .     (no boots)
Stlth  +++....... Rnd*Rage +    (no amulet)
                                (no ring)
                                q - ring of protection from cold

@: heroism, finesse, very slightly contaminated, regenerating quickly
A: fangs 3, hooves 1, repulsion field 1, iridescent scales 1, yellow scales 1,
camouflage 1, see invisible, berserk 1, frail 1, unbreathing
a: Heroism, Finesse, Renounce Religion


You were on level 11 of the Dungeon.
You worshipped Okawaru.
Okawaru was extremely pleased with you.
You were almost alive.

You visited 2 branches of the dungeon, and saw 12 of its levels.
You also visited: Sewer.

You collected 392 gold pieces.
You spent 312 gold pieces at shops.

Inventory:

Hand Weapons
 a - a +0 long sword
 o - the +6 dagger "Jellyslayer" {flame, Dex+3}
   (You found it on level 4 of the Dungeon)

   It has been specially enchanted to burn those struck by it, causing extra
   injury to most foes and up to half again as much damage against particularly
   susceptible opponents.
   It affects your dexterity (+3).
 y - the +7 quick blade of Hirroud {vamp, MR+ Int+3 SInv}
   (You acquired it on level 10 of the Dungeon)

   It inflicts no extra harm, but heals its wielder somewhat when it strikes a
   living foe.
   It affects your intelligence (+3).
   It affects your resistance to hostile enchantments.
   It lets you see invisible.
 B - a +4 scimitar of flaming
 C - a +4 demon blade of electrocution (weapon)
Missiles
 d - 5 throwing nets (quivered)
Armour
 b - a +0 leather armour
 c - a +1 helmet (worn)
 h - a +1 animal skin
 i - a +0 ring mail (worn)
 F - a troll hide
Magical Staves
 z - an uncursed staff of summoning {unknown}
Jewellery
 q - a ring of protection from cold (left hand)
Wands
 g - a wand of enslavement (12/24)
 n - a wand of lightning (2/15)
Scrolls
 e - 2 scrolls of amnesia {unknown}
 j - 2 scrolls of teleportation
 m - a scroll of remove curse
 p - a scroll of enchant armour
 r - 2 scrolls of blinking
 u - 3 scrolls of magic mapping
 w - a scroll of summoning {unknown}
 E - a scroll of noise {unknown}
 G - a scroll of random uselessness
Potions
 f - 3 potions of curing
 k - 2 potions of degeneration
 l - 21 potions of blood
 s - a potion of ambrosia
 t - a potion of resistance
 A - a potion of flight {unknown}
 D - a potion of magic {unknown}
Miscellaneous
 x - a phial of floods


   Skills:
 + Level 8.1(13.1) Fighting
 * Level 12.3(17.3) Long Blades
 - Level 1.5(6.5) Throwing
 + Level 9.8(14.8) Dodging
 + Level 7.5 Invocations


You had 10 spell levels left.
You didn't know any spells.

Dungeon Overview and Level Annotations

Branches:
Dungeon (11/15)            Temple (1/1) D:4
   Lair: D:8-11         Orc: D:9-12

Altars:
Ashenzari
Cheibriados
Elyvilon
Fedhas
Gozag
Hepliaklqana
Kikubaaqudgha
Makhleb
Nemelex Xobeh
Okawaru
Qazlal
Ru
Sif Muna
Trog
Uskayaw
Vehumet
Xom
Yredelemnul
Zin
The Shining One

Shops:
D:9 (   D:11 ?

Annotations:
D:5 Prince Ribbit


Innate Abilities, Weirdness & Mutations

Your natural rate of healing is unusually fast.
You have razor-sharp teeth.
You have supernaturally acute eyesight. (SInv)
You can survive without breathing.
You have large cloven feet.
You are surrounded by a mild repulsion field. (EV +2)
You are partially covered in iridescent scales. (AC +2)
You are partially covered in yellow scales. (AC +2)
Your skin changes colour to match your surroundings (Stealth+).
You tend to lose your temper in combat.
You are frail. (-10% HP)


Message History

Unknown command.
The stone giant shouts!
You hit the stone giant but do no damage.
You kick the stone giant, but do no damage.
You bite the stone giant, but do no damage.
Unknown command.
You slash the stone giant!
You kick the stone giant, but do no damage.
The stone giant is lightly wounded.
The tengu reaver casts a spell at you. The bolt of lightning hits you!
* * * LOW HITPOINT WARNING * * *
Unknown command.
Unknown command.
Blink to where?
Press: ? - help, Dir - move target cursor You are very lightly contaminated with residual magic.
As you read the scroll of blinking, it crumbles to dust.
The stone giant throws a large rock.
The large rock hits you!!
You die...

##..# ####...# ...##
#...# ...# #...##
.>.# ##..##C ..#####
#..###Q#######
..#...#
#..#.##......#
....♣.#
##.').##.....#
..♣.∩.♣ #.#...#
#.Q.# ...#♣##
####@#####(## ....#
#.)....§C.# ....#
###.......# ....####
####....# ....#..#
###### .......####
## ......../.####
#.####
...........†.####
#.....#
..........#.....####
.....#


You could see a stone giant.

Vanquished Creatures
  A sphinx (D:11)
  A fire giant (D:11)
  Erica (D:9)
  A deep troll earth mage (D:11)
  An unseen horror (D:11)
  2 hill giants
  A wolf spider (D:11)
  Joseph (D:8)
  A gargoyle (D:11)
  A troll (D:11)
  A hippogriff (D:7)
  17 yaks
  Eustachio (D:4)
  A hungry ghost (D:11)
  2 water moccasins
  3 orc warriors
  2 sky beasts
  An ice beast (D:8)
  2 phantoms (D:8)
  A necrophage (D:5)
  4 centaurs
  A big kobold (D:8)
  6 bullfrogs
  A gnoll sergeant (D:8)
  2 scorpions
  3 wights (D:8)
  3 crimson imps
  A quasit (D:11)
  A gnoll shaman (D:6)
  4 orc priests
  3 hounds
  12 orc wizards
  3 centaur skeletons
  3 worker ants
  4 hound skeletons
  Robin (D:3)
  A howler monkey zombie (D:10)
  9 gnolls
  A howler monkey skeleton (D:7)
  5 adders
  2 adder skeletons
  A worm (D:2)
  A dart slug (D:4)
  6 leopard geckos
  26 orcs
  3 bats
  10 giant cockroaches
  3 hobgoblins (D:3)
  7 kobolds (D:8)
  4 quokkas
  A ball python (Sewer)
  7 frilled lizards
  8 goblins
  2 jackal skeletons
  2 rats
193 creatures vanquished.

Notes
Turn   | Place    | Note
-------+----------+-------------------------------------------
     0 | D:1      | 4thArraOfDagon the Vampire Gladiator began the quest for the Orb.
     0 | D:1      | Reached XP level 1. HP: 16/16 MP: 1/1
    89 | D:2      | Reached XP level 2. HP: 6/22 MP: 2/2
   354 | D:3      | Reached XP level 3. HP: 27/27 MP: 3/3
   355 | D:3      | Noticed Robin
   370 | D:3      | Killed Robin
   370 | D:3      | Reached skill level 4 in Long Blades
   447 | D:3      | Reached XP level 4. HP: 31/34 MP: 4/4
   479 | D:4      | Noticed a bullfrog
   492 | D:4      | Killed a bullfrog
   492 | D:4      | Reached XP level 5. HP: 24/39 MP: 5/5
   537 | D:4      | Found a staircase to the Ecumenical Temple.
   576 | D:4      | Found a sacrificial altar of Ru.
   607 | D:4      | Goblin1989: templ
   640 | Temple   | Entered the Ecumenical Temple
   754 | Temple   | Became a worshipper of Warmaster Okawaru
   755 | Temple   | 4thArraOfDagon: maybe better items this time
   755 | Temple   | 4thArraOfDagon: ????
   804 | D:4      | Reached skill level 5 in Long Blades
   867 | D:4      | Got an ichor-stained dagger
   871 | D:4      | Identified the +6 dagger "Jellyslayer" {flame, Dex+3} (You found it on level 4 of the Dungeon)
   910 | D:5      | Entered Level 5 of the Dungeon
   910 | D:5      | Noticed Prince Ribbit
  1036 | D:4      | Gained mutation: You are surrounded by a mild repulsion field. (EV +2) [potion of mutation]
  1036 | D:4      | Gained mutation: You tend to lose your temper in combat. [potion of mutation]
  1049 | D:4      | Reached XP level 6. HP: 38/47 MP: 6/6
  1069 | D:4      | Reached skill level 1 in Invocations
  1079 | D:5      | Noticed Eustachio
  1090 | D:4      | Killed Eustachio
  1090 | D:4      | Reached * piety under Okawaru
  1090 | D:4      | Reached skill level 5 in Dodging
  1126 | D:5      | Reached XP level 7. HP: 33/52 MP: 8/8
  1152 | D:5      | Reached skill level 6 in Long Blades
  1205 | D:5      | Found a shimmering altar of Xom.
  1363 | D:5      | Found a glowing drain.
  1395 | Sewer    | Entered a sewer
  1659 | D:6      | Reached ** piety under Okawaru
  1675 | D:6      | Reached XP level 8. HP: 60/60 MP: 8/10
  1699 | D:7      | Reached skill level 7 in Long Blades
  1711 | D:7      | Noticed a hippogriff
  1722 | D:7      | Killed a hippogriff
  1807 | D:7      | Reached *** piety under Okawaru
  1901 | D:8      | Reached skill level 8 in Long Blades
  1979 | D:7      | Reached skill level 5 in Fighting
  1979 | D:7      | Reached XP level 9. HP: 56/68 MP: 12/12
  2075 | D:8      | Noticed Joseph
  2095 | D:8      | Killed Joseph
  2148 | D:8      | Reached skill level 9 in Long Blades
  2442 | D:9      | Gained mutation: Your skin changes colour to match your surroundings (Stealth+). [potion of mutation]
  2442 | D:9      | Gained mutation: You have large cloven feet. [potion of mutation]
  2489 | D:9      | Reached **** piety under Okawaru
  2556 | D:10     | Entered Level 10 of the Dungeon
  2591 | D:10     | Reached skill level 5 in Invocations
  2626 | D:10     | Identified a scroll of acquirement
  2642 | D:10     | Got a bloodstained quick blade
  2643 | D:10     | Identified the +7 quick blade of Hirroud {vamp, MR+ Int+3 SInv} (You acquired it on level 10 of the Dungeon)
  2644 | D:10     | :(
  2742 | D:10     | Reached XP level 10. HP: 76/76 MP: 12/14
  2815 | D:10     | 4thArraOfDagon: this is so trashy weapon
  2858 | D:10     | Reached skill level 10 in Long Blades
  2934 | D:9      | Noticed Erica
  2935 | D:9      | Found Inaedaewoa's Weapon Shop.
  3006 | D:9      | Reached ***** piety under Okawaru
  3010 | D:9      | Killed Erica
  3050 | D:9      | ofc
  3069 | D:9      | Gained mutation: You are partially covered in iridescent scales. (AC +2) [potion of mutation]
  3069 | D:9      | Gained mutation: You are frail. (-10% HP) [potion of mutation]
  3069 | D:9      | Gained mutation: You are partially covered in yellow scales. (AC +2) [potion of mutation]
  3146 | D:10     | Noticed a hill giant
  3154 | D:10     | Killed a hill giant
  3171 | D:10     | Received a gift from Okawaru
  3279 | D:11     | Reached skill level 11 in Long Blades
  3293 | D:11     | Noticed a gargoyle
  3307 | D:11     | Killed a gargoyle
  3313 | D:11     | Noticed an unseen horror
  3314 | D:11     | Noticed a wolf spider
  3314 | D:11     | Noticed a hill giant
  3318 | D:11     | Killed an unseen horror
  3318 | D:11     | Reached XP level 11. HP: 68/75 MP: 10/15
  3324 | D:11     | Killed a wolf spider
  3329 | D:11     | Killed a hill giant
  3335 | D:11     | Noticed a fire giant
  3338 | D:11     | timbw: elec demon sword shitty?
  3344 | D:11     | Killed a fire giant
  3350 | D:11     | timbw: it might just be the species thats shitty
  3404 | D:11     | Noticed a deep troll earth mage
  3432 | D:11     | Found Fyuskues's Magic Scroll Emporium.
  3438 | D:11     | Bought a scroll of enchant weapon for 120 gold pieces
  3438 | D:11     | Bought a scroll of blinking for 120 gold pieces
  3438 | D:11     | Bought a scroll of magic mapping for 56 gold pieces
  3438 | D:11     | Bought a scroll of random uselessness for 16 gold pieces
  3445 | D:11     | 4thArraOfDagon: naa that qblade
  3445 | D:11     | Goblin1989: oooo!!!
  3451 | D:11     | timbw: ye quickblade suck
  3495 | D:11     | timbw: vamp = 0 dmg on ac targets
  3499 | D:11     | timbw: no good
  3609 | D:11     | Noticed a stone giant
  3610 | D:11     | Killed a deep troll earth mage
  3610 | D:11     | Reached skill level 12 in Long Blades
  3612 | D:11     | Noticed a tengu reaver
  3618 | D:11     | Noticed a sphinx
  3625 | D:11     | Killed a sphinx
  3630 | D:11     | Hit by a large rock thrown by a stone giant

Vault maps used:
D:1:      dpeg_arrival_fog
D:2:      first_bread, led_sif_pool
D:3:      uniq_robin
D:4:      nicolae_ru_sacrificial_ziggurat
D:5:      gup_sewer_entry_pipe, basic_altar, uniq_prince_ribbit1, uniq_eustachio
D:6:      gammafunk_temple_overflow_pools, grunt_decor_clamped
D:7:      serial_shops, kennysheep_mini_moat, minmay_holes
D:8:      david_lair_shrubbed, grunt_pizzeria, st_stairs_11, feat_on_display,
          uniq_joseph
D:9:      orc_0_dummy, basic_altar, serial_shops, nicolae_shop_stone, uniq_erica
D:11:     minmay_sliced_demisemicircle, serial_shops, nicolae_shop_trees
Temple:   dpeg_five_rooms_temple
Sewer:    sewer_fruit_machine

Skill      XL: |  1  2  3  4  5  6  7  8  9 10 11 |
---------------+----------------------------------+-----
Fighting       | 2 3 4 5 6 7 8 |  8.1
Long Blades    | 4 5 6 8 9 11 12 | 12.3
Dodging        | 4 5 6 7 8 9 |  9.8
Invocations    | 1 3 4 5 6 7 |  7.5
Throwing       | |  1.5

Action                   |  1- 3 |  4- 6 |  7- 9 | 10-12 || total
-------------------------+-------+-------+-------+-------++-------
Melee: Long sword        |    99 |    54 |       |    19 ||   172
       Bite              |    10 |    16 |    45 |    28 ||    99
       Dagger            |       |    50 |   413 |       ||   463
       Punch             |       |       |     6 |     5 ||    11
       Quick blade       |       |       |    50 |    63 ||   113
       Kick              |       |       |    29 |    73 ||   102
       Demon blade       |       |       |       |    93 ||    93
       Scimitar          |       |       |       |    13 ||    13
Throw: Throwing net      |     1 |       |       |       ||     1
Invok: Heroism           |       |       |    12 |     6 ||    18
       Finesse           |       |       |       |     3 ||     3
  Use: Potion            |     3 |     3 |     6 |     5 ||    17
       Scroll            |       |     6 |     5 |     3 ||    14
 Stab: Sleeping          |     1 |       |     2 |     3 ||     6
       Held in net/web   |     1 |       |       |       ||     1
  Eat: Corpse            |     5 |     3 |     9 |     5 ||    22
Armor: Leather armour    |     5 |       |       |       ||     5
       Ring mail         |    13 |    13 |    70 |    19 ||   115
       Skin              |       |       |    20 |       ||    20
Dodge: Dodged            |    56 |    57 |   301 |    80 ||   494
